 Dungeon Crawl Stone Soup version 0.18.1-50-g88ac8fd (webtiles) character file.

2049 magog001 the Covered (level 9, -8/78 HPs)
             Began as a Minotaur Fighter on July 9, 2017.
             Killed from afar by an electric eel (13 damage)
             ... with a bolt of electricity
             ... on level 6 of the Dungeon.
             The game lasted 00:29:59 (5429 turns).

magog001 the Covered (Minotaur Fighter)             Turns: 5429, Time: 00:30:00

Health: -8/78      AC: 12    Str: 23    XL:     9   Next: 4%
Magic:  8/8        EV: 11    Int:  5    God:
Gold:   259        SH: 11    Dex: 11    Spells: 0 memorised, 8 levels left

rFire  . . .     SeeInvis .     r - +3 war axe
rCold  . . .     Gourm    .     b - +0 scale mail
rNeg   . . .     Faith    .     c - +0 shield
rPois  .         Spirit   .     (helmet restricted)
rElec  .         Dismiss  .     v - +0 cloak
rCorr  .         Reflect  .     (no gloves)
SustAt .         Harm     .     B - +0 pair of boots
MR     .....                    (no amulet)
Stlth  ..........               (no ring)
                                (no ring)

@: not resistant to hostile enchantments, extremely unstealthy
A: retaliatory headbutt, claws 1, horns 2, thin metallic scales 1, mutation
resistance 1, regeneration 1
a: no special abilities


You were on level 6 of the Dungeon.
You were not hungry.

You visited 1 branch of the dungeon, and saw 6 of its levels.
You also visited: Sewer.

You collected 259 gold pieces.

Inventory:

Hand Weapons
 i - a +1 dagger of venom
 o - a cursed -2 dagger
 r - a +3 war axe (weapon)
Missiles
 l - 38 sling bullets
 p - 15 poisoned needles
 w - 3 javelins (quivered)
Armour
 b - a +0 scale mail (worn)
 c - a +0 shield (worn)
 v - a +0 cloak (worn)
 z - the cursed +1 leather armour of the Abyss {rF+ Dex+4, unknown}
   (You found it on level 6 of the Dungeon)

   It affects your dexterity (+4).
   It protects you from fire.
   It has a curse placed upon it.
 B - a +0 pair of boots (worn)
Wands
 t - a wand of flame (21/48)
Scrolls
 e - 2 scrolls of teleportation
 k - 4 scrolls of remove curse
 n - a scroll of enchant weapon {unknown}
 q - a scroll of amnesia {unknown}
 s - a scroll of recharging {unknown}
 u - 2 scrolls of identify
 x - a scroll of magic mapping {unknown}
 y - a scroll of enchant armour {unknown}
 C - a scroll of fog {unknown}
 E - a scroll of random uselessness {unknown}
 F - a scroll of fear {unknown}
Potions
 d - a potion of cure mutation {unknown}
 j - a potion of haste {unknown}
 A - a potion of might
 D - 2 potions of curing
Comestibles
 a - 5 chunks of flesh
 f - 4 bread rations
 g - 2 beef jerkies
 h - 7 fruits
 m - 2 meat rations


   Skills:
 * Level 6.4 Fighting
 * Level 6.4 Axes
 * Level 1.7 Throwing
 * Level 7.9 Armour
 + Level 5.4 Dodging
 - Level 1.0 Stealth
 + Level 7.3 Shields


You had 8 spell levels left.
You didn't know any spells.

Dungeon Overview and Level Annotations

Branches:
Dungeon (6/15)             Temple (0/1) D:4

Altars:
Dithmenos
Okawaru
Pakellas
Sif Muna
Vehumet


Innate Abilities, Weirdness & Mutations

You reflexively headbutt those who attack you in melee.
You have a pair of horns on your head.
You have sharp fingernails.
You are partially covered in thin metallic scales (AC +2).
You are somewhat resistant to further mutation.
Your natural rate of healing is unusually fast.


Message History

The electric eel shoots out a bolt of lightning at you!
The bolt of electricity misses the electric eel.
The bolt of electricity hits you!
The electric eel shoots out a bolt of lightning at you!
The bolt of electricity hits you!
The electric eel shoots out a bolt of lightning at you!
The bolt of electricity hits the electric eel.
The electric eel completely resists.
The bolt of electricity hits you!
The electric eel shoots out a bolt of lightning at you!
The bolt of electricity hits you!
* * * LOW HITPOINT WARNING * * *
The electric eel shoots out a bolt of lightning at you!
The bolt of electricity hits the plant.
The bolt of electricity hits you!
* * * LOW HITPOINT WARNING * * *
The electric eel shoots out a bolt of lightning at you!
The bolt of electricity hits you!
* * * LOW HITPOINT WARNING * * *
The electric eel shoots out a bolt of lightning at you!
The bolt of electricity hits you!
You die...

♣≈≈≈≈≈≈.≈≈≈≈♣ #..#
♣≈≈≈≈≈≈.;P≈♣♣# #..#
≈≈P≈≈≈≈.;≈≈♣.# #..#
P≈≈≈≈≈≈.≈≈≈#.####.)##
♣≈≈≈≈≈♣.♣♣..........#
###♣≈♣♣♣......#######.#
? ................# #.#
#.
#.....######.##.####.#
#.#..##.# #.@.....#.#
#...##.### #.#####.#.#
#.......####.# #.#.#
###.#.#.#....# #...#
##.#........# #.###
#...........#####.#
##...>...##.......#
##.#....#####.####
##..#.######.#


You could see 2 electric eels.

Vanquished Creatures
  The ghost of magog001 the Bolt Thrower, an amateur MiHu (Sewer)
  Sigmund (D:3)
  An orc warrior (D:6)
  A sky beast (D:5)
  A phantom (D:4)
  An ogre (D:4)
  A centaur (D:5)
  6 big kobolds (Sewer)
  4 wights (D:5)
  A crimson imp (D:5)
  3 orc priests
  A gnoll shaman (D:4)
  2 orc wizards
  Natasha (D:2)
  3 worker ants
  Terence (D:3)
  9 gnolls
  11 adders
  8 oozes
  2 adder skeletons
  3 worms
  5 dart slugs
  8 giant geckos
  10 orcs
  5 bats
  5 giant cockroaches
  4 goblins
  8 hobgoblins
  11 kobolds
  2 quokkas
  3 ball pythons
  A giant gecko zombie (D:5)
  6 giant newts
  A jackal skeleton (D:4)
  A quokka skeleton (D:5)
  9 rats
141 creatures vanquished.

Notes
Turn   | Place    | Note
--------------------------------------------------------------
     0 | D:1      | magog001 the Minotaur Fighter began the quest for the Orb.
     0 | D:1      | Reached XP level 1. HP: 19/19 MP: 0/0
   212 | D:1      | Reached XP level 2. HP: 27/27 MP: 1/1
   480 | D:1      | Reached XP level 3. HP: 28/33 MP: 2/2
  1250 | D:2      | Reached XP level 4. HP: 41/41 MP: 3/3
  1440 | D:2      | Noticed Natasha
  1449 | D:2      | Killed Natasha
  1449 | D:2      | Reached skill level 1 in Dodging
  1762 | D:3      | Noticed Sigmund
  1776 | D:3      | Killed Sigmund
  1776 | D:3      | Reached skill level 5 in Armour
  1776 | D:3      | Reached XP level 5. HP: 17/47 MP: 4/4
  1776 | D:3      | Reached XP level 6. HP: 20/55 MP: 5/5
  2022 | D:3      | Found an iron altar of Okawaru.
  2027 | D:3      | Noticed Terence
  2047 | D:3      | Killed Terence
  2047 | D:3      | Reached skill level 5 in Shields
  2123 | D:3      | Found a glowing drain.
  2129 | Sewer    | Entered a sewer
  2138 | Sewer    | Noticed magog001's ghost (amateur MiHu)
  2150 | Sewer    | Killed magog001's ghost
  2150 | Sewer    | Reached skill level 5 in Fighting
  2150 | Sewer    | Reached XP level 7. HP: 15/61 MP: 6/6
  2660 | Sewer    | Reached skill level 1 in Stealth
  2838 | Sewer    | Reached skill level 5 in Axes
  2925 | Sewer    | Reached XP level 8. HP: 60/69 MP: 7/7
  2987 | Sewer    | Gained mutation: You have sharp fingernails. [potion of mutation]
  2987 | Sewer    | Gained mutation: You are partially covered in thin metallic scales (AC +2). [potion of mutation]
  2987 | Sewer    | Gained mutation: Your natural rate of healing is unusually fast. [potion of mutation]
  3401 | D:3      | Found an oddly glowing altar of Pakellas.
  3402 | D:3      | Noticed a rakshasa
  3886 | D:4      | Found a staircase to the Ecumenical Temple.
  4437 | D:4      | Reached skill level 5 in Dodging
  4584 | D:5      | Entered Level 5 of the Dungeon
  4584 | D:5      | Found a shadowy altar of Dithmenos.
  4793 | D:5      | Found a radiant altar of Vehumet.
  4841 | D:5      | Reached skill level 1 in Throwing
  4953 | D:5      | Found a deep blue altar of Sif Muna.
  4978 | D:5      | Gained mutation: You are somewhat resistant to further mutation. [mutagenic meat]
  5345 | D:6      | Reached XP level 9. HP: 76/78 MP: 8/8
  5410 | D:6      | Got a warped leather armour
  5429 | D:6      | Killed from afar by an electric eel

Skill      XL: |  1  2  3  4  5  6  7  8 |
---------------+-------------------------+-----
Armour         | 4 5 7 |  7.9
Fighting       | 4 5 6 |  6.4
Shields        | 4 5 6 7 |  7.3
Axes           | 3 4 5 6 |  6.4
Dodging        | 2 3 4 5 |  5.4
Stealth        | 1 |  1.0
Throwing       | 1 |  1.7

Action                   |  1- 3 |  4- 6 |  7- 9 || total
-------------------------+-------+-------+-------++-------
Melee: War axe           |    69 |    78 |   319 ||   466
       Headbutt          |    10 |    14 |    42 ||    66
  Use: Potion            |       |     4 |     7 ||    11
       Scroll            |       |     2 |     4 ||     6
  Eat: Chunk             |       |     3 |    10 ||    13
       Meat ration       |       |     1 |     1 ||     2
Armor: Scale mail        |    21 |    23 |    92 ||   136
       Skin              |       |       |     6 ||     6
Dodge: Dodged            |    19 |    29 |    81 ||   129
Block: Shield            |    25 |    41 |   169 ||   235
